 Dungeon Crawl Stone Soup version 0.30-a0-739-gea05faddec (console) character file.

Game seed: 10136619120953502905

17371 rlgrobin the Grappler (level 12, -5/107 HPs)
             Began as a Troll Ice Elementalist on Feb 4, 2023.
             Was a High Priest of Cheibriados.
             Collided with a stone wall (11 damage)
             ... caused by a wretched star
             ... on level 3 of the Abyss.
             The game lasted 00:34:14 (9101 turns).

rlgrobin the Grappler (Troll Ice Elementalist)      Turns: 9101, Time: 00:34:14

Health: -5/107     AC:  8    Str: 37    XL:     12   Next: 18%
Magic:  17/17      EV: 14    Int: 27    God:    Cheibriados [*****.]
Gold:   673        SH:  5    Dex: 19    Spells: 6/19 levels left

rFire   + . .      SeeInvis .      - Unarmed
rCold   + . .      Faith    .    (no shield)
rNeg    + . .      Spirit   .    u - +1 robe {rC+ rF+}
rPois   +          Reflect  +    j - +2 hat
rElec   .          Harm     .    t - +0 cloak
rCorr   .          Rampage  .    (gloves unavailable)
Will    .....                    (boots unavailable)
Stlth   ++                       c - amulet of reflection
HPRegen 1.17/turn                r - ring of flight
MPRegen 0.15/turn                k - ring "Gian" {Wiz rPois rN+ Str+6 Dex-3}

@: flying, very slow
A: large, unfitting armour, claws 3, regeneration 1, shaggy fur 1, tough skin 1,
[screaming 2]
a: Renounce Religion, Bend Time, Temporal Distortion, Slouch, Step From Time


You were on level 3 of the Abyss.
You worshipped Cheibriados.
Cheibriados was extremely pleased with you.
You visited 3 branches of the dungeon, and saw 13 of its levels.
You visited the Abyss 1 time.
You also visited: Ossuary, Gauntlet and Volcano.

You collected 673 gold pieces.

Inventory:

Missiles
 q - 2 curare-tipped darts
Armour
 j - a +2 hat (worn)
 p - the +4 robe of the Rambutan {Archmagi}
   (You found it on level 2 of the Dungeon)

   Archmagi:  It increases the power of your magical spells.
 t - a +0 cloak (worn)
 u - a +1 robe of resistance (worn)
Jewellery
 c - an amulet of reflection (around neck)
 k - the ring "Gian" (right claw) {Wiz rPois rN+ Str+6 Dex-3}
   (You found it in a Gauntlet)

   [ring of wizardry]

   It improves your spell success rate.
   Str:       It affects your strength (+6).
   Dex:       It affects your dexterity (-3).
   rPois:     It protects you from poison.
   rN:        It protects you from negative energy.
 r - a ring of flight (left claw)
Wands
 h - a wand of polymorph (12)
 m - a wand of flame (12)
 x - a wand of digging (5)
 y - a wand of mindburst (10)
Scrolls
 n - 3 scrolls of identify
 v - 7 scrolls of teleportation
 w - 2 scrolls of blinking
 z - a scroll of butterflies
Potions
 a - a potion of ambrosia
 b - 2 potions of magic
 d - 7 potions of attraction
 e - 2 potions of brilliance
 g - 3 potions of flight
 i - 2 potions of resistance
 o - 7 potions of curing
Miscellaneous
 C - a lightning rod (4/4)
 D - a phial of floods


   Skills:
 + Level 3.9 Fighting
 - Level 7.0 Dodging
 - Level 1.0 Stealth
 - Level 11.2 Unarmed Combat
 - Level 4.4 Spellcasting
 - Level 3.6 Summonings
 - Level 7.3 Ice Magic
 - Level 5.4 Invocations
 - Level 2.2 Evocations


You had 6 spell levels left.
You knew the following spells:

 Your Spells              Type           Power      Damage    Failure   Level
a - Freeze                Ice            100%       1d10      1%          1
b - Ozocubu's Armour      Ice            45%        N/A       1%          3
c - Frozen Ramparts       Ice            90%        1d14      1%          3
d - Blink                 Tloc           12%        N/A       4%          2
e - Summon Ice Beast      Ice/Summ       35%        N/A       3%          4

Your spell library contained the following spells:

 Spells                   Type           Power      Damage    Failure   Level
 Summon Small Mammal      Summ           100%       N/A       1%          1
 Apportation              Tloc           12%        N/A       3%          1
 Beastly Appendage        Tmut           12%        N/A       3%          1
 Necrotise                Necr           24%        1d5       3%          1
 Lesser Beckoning         Tloc           12%        N/A       4%          2
 Momentum Strike          Conj/Tloc      12%        3d8       4%          2
 Summon Guardian Golem    Hex/Summ       16%        N/A       4%          3
 Dazzling Flash           Conj/Hex       12%        N/A       9%          3
 Gell's Gravitas          Tloc           6%         N/A       9%          3
 Mephitic Cloud           Conj/Pois/Air  6%         N/A       9%          3
 Stone Arrow              Conj/Erth      12%        3d7       9%          3
 Teleport Other           Tloc           6%         N/A       9%          3
 Animate Armour           Summ/Erth      32%        N/A       14%         4
 Iskenderun's Mystic Bla  Conj/Tloc      6%         2d4       28%         4
 Starburst                Conj/Fire      3%         6d3       98%         6
 Orb of Destruction       Conj           3%         9d5       100%        7
 Spellforged Servitor     Conj/Summ      8%         N/A       100%        7
 Borgnjor's Revivificati  Necr           3%         N/A       100%        8
 Lehudib's Crystal Spear  Conj/Erth      3%         10d2      100%        8


Dungeon Overview and Level Annotations

Branches:
Dungeon (11/15)            Temple (1/1) D:4            Lair (1/5) D:10
    Orc (0/2) D:11        Ossuary (visited)         Volcano (visited)
Gauntlet (visited)

Altars:
Ashenzari
Cheibriados
Dithmenos
Elyvilon
Fedhas
Gozag
Hepliaklqana
Kikubaaqudgha
Makhleb
Nemelex Xobeh
Okawaru
Qazlal
Ru
Sif Muna
Trog
Uskayaw
Vehumet
Wu Jian
Xom
Yredelemnul
Zin
The Shining One
Lugonu

Shops:
D:9 *(:*

Portals:
Abyss: D:4

Annotations:
D:2 1 runed translucent door, Crazy Yiuf
D:11 Amaemon, Snorg


Innate Abilities, Weirdness & Mutations

You are too large for most types of armour.
You have claws for hands.
Your natural rate of healing is unusually fast.
You are covered in fur. (AC +1)
You have tough skin. (AC +1)
[You frequently scream uncontrollably at your foes.]


Message History

The chaos spawn screeches!
You mangle the chaos spawn!!
The chaos spawn is almost dead.
The chaos spawn closely misses you.
You scratch the chaos spawn.
You kill the chaos spawn!
Cheibriados appreciates the change of pace.
The chaos spawn degenerates into a cloud of primal chaos!
Your Dodging skill increases to level 7!
A wretched star comes into view.
The wretched star pulses with an eldritch light!
You feel the urge to shout.
You feel a strong urge to scream.
The wretched star glows turbulently.
The lance of force hits you!!
You are knocked back by the lance of force.
You slam into the metal wall!
You feel better.
The wretched star glows turbulently.
The lance of force misses you.
A large abomination comes into view.
You scream at the large abomination!
You hear a roar! x2
The wretched star glows turbulently.
The lance of force hits you!!
* * * LOW HITPOINT WARNING * * *
A thrashing horror comes into view.
The wretched star glows turbulently.
The lance of force hits you!
* * * LOW HITPOINT WARNING * * *
You are knocked back by the lance of force.
You slam into the stone wall!
* * * LOW HITPOINT WARNING * * *
The thrashing horror moves out of view.
You feel much better.
The wretched star glows turbulently.
The lance of force hits you!!
* * * LOW HITPOINT WARNING * * *
You are knocked back by the lance of force.
You slam into the stone wall!
You die...

φ #. . .. .. . ## ...
.# ##.#.# .#..##.
..##.. ....... #....
#X...##..#.###
#.@#.... ## ..
#....##*#.. ..#
######.
#...##....#..#.####
...
#X##....#..#..###.#..#
.........#......##...
.##.......##.#..##.# #
.
.#.#...#.#..#..#.#.#.#
#..... #.#.... ... ##.
..X.## #..##.#.. ...#.


You could see a wretched star and 2 large abominations.

Vanquished Creatures
  Gastronok (D:10)
  A minotaur (Gauntlet)
  5 two-headed ogres
  A thrashing horror (Abyss:3)
  2 wizards
  Pikel (D:6)
  A large abomination (Abyss:3)
  3 worldbinders
  An apocalypse crab (Abyss:3)
  An orange demon (Abyss:3)
  Maurice (D:10)
  3 kobold demonologists
  An unseen horror (D:11)
  Prince Ribbit (D:5)
  9 flying skulls (Gauntlet)
  A shadow (D:10)
  A spriggan (D:7)
  2 wraiths (D:9)
  8 yaks
  A chaos spawn (Abyss:3)
  2 steam dragons
  Eustachio (D:6)
  Duvessa (D:7)
  2 orc warriors
  2 sky beasts
  An ice beast (D:5)
  3 centaurs
  3 boggarts (Gauntlet)
  A lemure (D:6)
  5 kobold brigands
  2 bullfrogs
  2 small abominations (Abyss:3)
  A necrophage (D:6)
  3 scorpions
  Dowan (D:7)
  3 killer bees (D:8)
  5 howler monkeys (D:9)
  5 hounds
  4 jellies
  3 orc priests
  6 iguanas
  8 orc wizards
  13 mummies
  Robin (D:3)
  4 gnolls (D:4)
  6 adders
  A shadow imp (D:6)
  2 white imps
  2 ufetubi
  3 worms
  4 dart slugs
  29 orcs
  7 ball pythons
  4 bat zombies (D:10)
  7 endoplasms
  A giant cockroach (D:1)
  17 goblins
  12 hobgoblins
  6 jackals
  19 kobolds
  3 quokkas
  4 bats
  2 frilled lizards
  A gnoll skeleton (Ossuary)
  2 goblin skeletons (Ossuary)
  3 kobold skeletons (Ossuary)
  2 orc skeletons (Ossuary)
  4 rats
  11 rat skeletons (Ossuary)
  A rat zombie (D:10)
280 creatures vanquished.

Vanquished Creatures (others)
  A fungus (Lair:1)
  2 lurking horrors (D:4)
  14 withered plants (Gauntlet)
17 creatures vanquished.

Grand Total: 297 creatures vanquished

Notes
Turn   | Place    | Note
-------+----------+-------------------------------------------
     0 | D:1      | rlgrobin the Troll Ice Elementalist began the quest for the
                  | Orb.
     0 | D:1      | Reached XP level 1. HP: 16/16 MP: 1/1
   164 | D:1      | Reached skill level 1 in Unarmed Combat
   329 | D:1      | Reached XP level 2. HP: 24/24 MP: 2/2
   399 | D:1      | Reached skill level 2 in Unarmed Combat
   468 | D:1      | Got Gloorx Vloq's Book of Virous Blasphemous Spells
  1129 | D:2      | Reached XP level 3. HP: 31/31 MP: 3/3
  1278 | D:2      | Reached skill level 3 in Unarmed Combat
  1360 | D:2      | Identified the +4 robe of the Rambutan {Archmagi}
  1582 | D:2      | Found a runed translucent door.
  1583 | D:2      | Noticed Crazy Yiuf
  1660 | D:3      | Noticed Robin
  1790 | D:3      | Reached XP level 4. HP: 39/39 MP: 4/4
  1800 | D:3      | Found a faded altar of an unknown god.
  1810 | D:3      | Got Plato's Elucidation of Therianthropy
  1946 | D:3      | Killed Robin
  1947 | D:3      | Reached skill level 4 in Unarmed Combat
  2372 | D:4      | Found a corrupted altar of Lugonu.
  2395 | D:4      | Found a one-way gate to the infinite horrors of the Abyss.
  2512 | D:4      | Reached XP level 5. HP: 41/45 MP: 5/5
  2552 | D:4      | Reached skill level 5 in Unarmed Combat
  2661 | D:4      | Found a staircase to the Ecumenical Temple.
  2668 | Temple   | Entered the Ecumenical Temple
  2900 | D:4      | Found the +5 Force Lance {heavy, knockback}
  3082 | D:4      | Reached XP level 6. HP: 52/53 MP: 6/6
  3126 | D:4      | Found a hazy altar of Hepliaklqana.
  3215 | D:5      | Entered Level 5 of the Dungeon
  3235 | D:5      | Reached skill level 6 in Unarmed Combat
  3285 | D:5      | Noticed Prince Ribbit
  3302 | D:5      | Killed Prince Ribbit
  3303 | D:5      | Reached skill level 7 in Unarmed Combat
  3379 | D:5      | Reached XP level 7. HP: 61/61 MP: 7/7
  3383 | D:5      | Reached skill level 1 in Fighting
  3495 | D:5      | Found a snail-covered altar of Cheibriados.
  3640 | D:5      | Reached skill level 8 in Unarmed Combat
  4234 | D:5      | Became a worshipper of Cheibriados the Contemplative
  4266 | D:6      | Reached XP level 8. HP: 62/72 MP: 9/9
  4336 | D:6      | Reached skill level 9 in Unarmed Combat
  4411 | D:6      | Found a shimmering altar of Xom.
  4519 | D:6      | Noticed Pikel
  4544 | D:6      | Killed Pikel
  4545 | D:6      | Reached skill level 10 in Unarmed Combat
  4679 | D:6      | Reached skill level 11 in Unarmed Combat
  4679 | D:6      | Reached XP level 9. HP: 70/79 MP: 10/10
  4684 | D:6      | Reached * piety under Cheibriados
  4822 | D:6      | Noticed Eustachio
  4831 | D:6      | Killed Eustachio
  5045 | D:7      | Noticed Dowan
  5046 | D:7      | Noticed Duvessa
  5056 | D:7      | Killed Duvessa
  5065 | D:7      | Killed Dowan
  5078 | D:7      | Found a sand-covered staircase.
  5086 | Ossuary  | Entered an ossuary
  5207 | Ossuary  | Learned a level 3 spell: Ozocubu's Armour
  5211 | Ossuary  | Learned a level 3 spell: Frozen Ramparts
  5262 | Ossuary  | Reached ** piety under Cheibriados
  5426 | D:7      | Reached skill level 1 in Invocations
  5474 | D:7      | Found a basalt altar of Yredelemnul.
  5633 | D:7      | Noticed a two-headed ogre
  5633 | D:7      | Noticed a two-headed ogre
  5644 | D:7      | Killed a two-headed ogre
  5645 | D:7      | Reached XP level 10. HP: 66/87 MP: 6/12
  5653 | D:7      | Killed a two-headed ogre
  5725 | D:7      | Found the +12 pair of quick blades "Gyre" and "Gimble"
                  | {protect}
  5947 | D:7      | Found a sparkling altar of Nemelex Xobeh.
  6580 | D:8      | Noticed a two-headed ogre
  6589 | D:8      | Killed a two-headed ogre
  6590 | D:8      | Reached skill level 5 in Ice Magic
  6592 | D:8      | Reached *** piety under Cheibriados
  6982 | D:9      | Found Vishra's General Store.
  7029 | D:9      | Reached skill level 5 in Invocations
  7045 | D:9      | Noticed a two-headed ogre
  7049 | D:9      | Killed a two-headed ogre
  7177 | D:9      | Found Xyesats's Assorted Antiques.
  7230 | D:9      | Found Xeyl's Weapon Emporium.
  7385 | D:9      | Found Avot Yjobe's Book Emporium.
  7538 | D:9      | Reached **** piety under Cheibriados
  7798 | D:10     | Entered Level 10 of the Dungeon
  7892 | D:10     | Noticed a two-headed ogre
  7896 | D:10     | Noticed Gastronok
  7920 | D:10     | Killed Gastronok
  7921 | D:10     | Reached XP level 11. HP: 98/98 MP: 13/16
  8134 | D:10     | Killed a two-headed ogre
  8135 | D:10     | Reached skill level 5 in Dodging
  8158 | D:10     | Found a staircase to the Lair.
  8186 | D:10     | Noticed Maurice
  8197 | D:10     | Killed Maurice
  8385 | D:10     | Found an ancient bone altar of Kikubaaqudgha.
  8468 | D:10     | Learned a level 2 spell: Blink
  8473 | D:10     | Learned a level 4 spell: Summon Ice Beast
  8474 | D:11     | Noticed Snorg
  8474 | D:11     | Noticed Amaemon
  8482 | D:11     | Found a gate leading to a gauntlet.
  8511 | D:11     | Reached ***** piety under Cheibriados
  8512 | D:11     | Reached skill level 1 in Summonings
  8540 | Gauntlet | Entered a Gauntlet
  8540 | Gauntlet | Found a transporter.
  8540 | Gauntlet | Found a transporter.
  8540 | Gauntlet | Found a transporter.
  8557 | Gauntlet | Noticed a deep elf knight
  8558 | Gauntlet | Noticed a deep elf zephyrmancer
  8566 | Gauntlet | Noticed a deep elf pyromancer
  8585 | Gauntlet | Found a transporter.
  8586 | Gauntlet | Found a large runed translucent door.
  8586 | Gauntlet | Found a large runed translucent door.
  8587 | Gauntlet | Found a large runed translucent door.
  8587 | Gauntlet | Found a large runed translucent door.
  8596 | Gauntlet | Found a runed translucent door.
  8596 | Gauntlet | Found a runed translucent door.
  8596 | Gauntlet | Found a large runed translucent door.
  8596 | Gauntlet | Found a large runed translucent door.
  8596 | Gauntlet | Found a large runed translucent door.
  8596 | Gauntlet | Found a large runed translucent door.
  8596 | Gauntlet | Found a large runed translucent door.
  8596 | Gauntlet | Found a large runed translucent door.
  8597 | Gauntlet | Found a large runed translucent door.
  8597 | Gauntlet | Found a large runed translucent door.
  8598 | Gauntlet | Found a large runed translucent door.
  8598 | Gauntlet | Found a large runed translucent door.
  8598 | Gauntlet | Found a large runed translucent door.
  8598 | Gauntlet | Found a large runed translucent door.
  8599 | Gauntlet | Noticed a wizard
  8599 | Gauntlet | Found a runed translucent gate.
  8599 | Gauntlet | Found a runed translucent gate.
  8599 | Gauntlet | Found a runed translucent gate.
  8600 | Gauntlet | Found a transporter.
  8613 | Gauntlet | Killed a wizard
  8615 | Gauntlet | Found a transporter.
  8621 | Gauntlet | Identified the +2 tower shield of Yhyostry {rPois Will+
                  | Int+5}
  8627 | Gauntlet | Found a transporter.
  8695 | Gauntlet | Identified the +3 plate armour of Ornamental Leaves {rN+}
  8709 | Gauntlet | Found a transporter.
  8716 | Gauntlet | Noticed a minotaur
  8727 | Gauntlet | Killed a minotaur
  8740 | Gauntlet | Identified the ring "Gian" {Wiz rPois rN+ Str+6 Dex-3}
  8775 | Lair:1   | Entered Level 1 of the Lair of Beasts
  8817 | Lair:1   | Found a dark tunnel.
  8833 | Volcano  | Entered a volcano
  8839 | Volcano  | Noticed a wizard
  8845 | Volcano  | Killed a wizard
  8846 | Volcano  | Reached skill level 1 in Evocations
  8856 | Volcano  | Noticed a wizard
  8860 | Abyss:3  | Cast into level 3 of the Abyss (a wizard)
  8900 | Abyss:3  | Noticed a wretched star
  8922 | Abyss:3  | Noticed a starcursed mass
  8946 | Abyss:3  | Reached XP level 12. HP: 107/107 MP: 17/17
  9101 | Abyss:3  | Collided with a stone wall

Illustrated notes

Levels and vault maps discovered:
D:1:      matt_arrival_grand_opening, layout_loops_corners
D:2:      layout_loops_cross, uniq_crazy_yiuf_cottage
D:3:      layout_basic, shapermc_ecumenical_altar_rom_forum,
          serial_corexii_hall, chequers_hall_statues_corner_a,
          chequers_hall_statues_corner_a, uniq_robin
D:4:      layout_rooms, general_overflow_altar, minmay_temple_entry_wispy,
          amcnicky_altar_lugonu_corruption
D:5:      layout_cave_pods, mainiacjoe_overflow_alcove_1, uniq_prince_ribbit1
D:6:      layout_rooms, kennysheep_mini_moat, uniq_pikel, uniq_eustachio
D:7:      layout_basic, lemuel_round_altar, lemuel_doored_altar,
          gup_ossuary_entry_pyramid, hellmonk_guarded_unrand_gyre_and_gimble,
          uniq_duvessa
D:8:      layout_basic
D:9:      layout_loops_ring, serial_shops, nicolae_shop_statue_plus, shop,
          nicolae_shop_bloodbath_and_beyond, nicolae_shop_hallway_stairs
D:10:     layout_big_octagon, lemuel_zombie_altar_kikubaaqudgha,
          lair_entry_dummy, uniq_maurice, uniq_gastronok
D:11:     layout_cave_pools, orc_0_dummy, gauntlet_entry_generic,
          eino_house_with_fridge, uniq_urug, uniq_snorg, uniq_amaemon
Temple:   nicolae_temple_superstar
Lair:1:   layout_regular_city, enter_volcano_4
Abyss:3:  base: D:12, hangedman_abyss_shoalhut,
          evilmike_nicolae_abyss_rune_betentacled_crabyss
Volcano:  volcano_bunker

Skill      XL: |  1  2  3  4  5  6  7  8  9 10 11 12 |
---------------+-------------------------------------+-----
Unarmed Combat | 1 2 3 4 5 7 8 11 | 11.2
Fighting       | 2 3 |  3.9
Ice Magic      | 3 6 7 |  7.3
Dodging        | 4 5 7 |  7.0
Spellcasting   | 2 4 |  4.4
Invocations    | 4 5 |  5.4
Summonings     | 3 |  3.6
Evocations     | 2 |  2.2
Stealth        | |  1.0

Action                     |  1- 3 |  4- 6 |  7- 9 | 10-12 || total
---------------------------+-------+-------+-------+-------++-------
  Melee: Unarmed           |   125 |   119 |   259 |   335 ||   838
         Punch             |     2 |     3 |    10 |    26 ||    41
   Cast: Freeze            |     2 |    12 |       |       ||    14
         Ozocubu's Armour  |       |       |     1 |    12 ||    13
         Frozen Ramparts   |       |       |     1 |     6 ||     7
         Summon Ice Beast  |       |       |       |     1 ||     1
 Invoke: Bend Time         |       |       |       |     1 ||     1
    Use: Scroll            |       |       |    23 |     7 ||    30
         Potion            |       |       |     1 |     9 ||    10
   Stab: Sleeping          |     2 |     1 |     2 |       ||     5
         Invisible         |       |       |       |     1 ||     1
 Armour: Robe              |    68 |    50 |    94 |   172 ||   384
         Skin              |       |       |       |     2 ||     2
  Dodge: Dodged            |    59 |    43 |   117 |   248 ||   467
  Block: Other             |       |       |       |    92 ||    92
         Reflection        |       |       |       |     3 ||     3

Table legend: (Time is in decaauts)
 A = Elapsed time spent in this place.
 B = Non-inter-level travel time spent in this place.
 C = Inter-level travel time spent in this place.
 D = Time resting spent in this place.
 E = Time spent auto-exploring this place.
 F = Levels seen in this place.
 G = Mean time per level.
                   A        B        C        D        E       F      G
               +--------+--------+--------+--------+--------+-----+--------+
         Total |  10962 |  10557 |    405 |    706 |   6863 |  17 |  644.8 |
       Dungeon |   9706 |   9316 |    390 |    614 |   6592 |  11 |  882.4 |
        Temple |    104 |     89 |     15 |      0 |     73 |   1 |  104.0 |
          Lair |     94 |     94 |      0 |      0 |      0 |   1 |   94.0 |
         Abyss |    366 |    366 |      0 |     48 |      0 |   1 |  366.0 |
       Ossuary |    393 |    393 |      0 |      0 |    184 |   1 |  393.0 |
       Volcano |     39 |     39 |      0 |      2 |     12 |   1 |   39.0 |
      Gauntlet |    258 |    258 |      0 |     41 |      0 |   1 |  258.0 |
               +--------+--------+--------+--------+--------+-----+--------+

Top non-repeatable levels by time:
     D:7: 1278 daAuts
     D:9: 1228 daAuts
     D:8: 1080 daAuts
    D:10: 1041 daAuts
     D:5: 1032 daAuts
     D:1: 925 daAuts
     D:6: 843 daAuts
     D:2: 744 daAuts
     D:4: 742 daAuts
     D:3: 682 daAuts
 Ossuary: 393 daAuts
 Abyss:3: 366 daAuts
Gauntlet: 258 daAuts
    D:11: 105 daAuts
  Temple: 104 daAuts
